[Event "Titled Tuesday Blitz April 11 Early 2023"]
[White "Volkov, Maksim"]
[Black "Reprintsev, Alexander"]
[WhiteFideId "54123070"]
[BlackFideId "14100541"]
[WhiteElo "2312"]
[BlackElo "2211"]
[Result "0-1"]
[Round "05"]
[TimeControl "180+2"]
[Date "2023.04.11"]
[WhiteClock "0:00:03"]
[BlackClock "0:00:18"]

1. Nf3 Nc6 2. d4 d5 3. Bf4 Bg4 4. e3 e6 5. Be2 Bd6 6. Bg3 f5 7. O-O Qf6 8. c4 f4 9. exf4 Bxf4 10. Bxf4 Qxf4 11. Nc3 O-O-O 12. g3 Qf6 13. cxd5 exd5 14. Ne5 Bxe2 15. Qxe2 Nxd4 16. Qg4+ Nf5 17. Rfe1 Ne7 18. Rac1 Kb8 19. Qf4 g5 20. Qb4 Qb6 21. Qa4 Nc6 22. Nf7 Nfd4 23. Kg2 Rhf8 24. Nxd8 Rxd8 25. Rcd1 a6 26. Rd2 Rf8 27. Re3 g4 28. Nxd5 Qc5 29. Ne7 Nxe7 30. Rxd4 Nc6 31. Rxg4 Qd5+ 32. Qe4 Qxa2 33. b4 Rxf2+ 34. Kg1 Rd2 35. Rf4 Ka7 36. Re1 Rxh2 37. Qe3+ b6 38. Qe4 Rc2 39. Rf6 Qc4 40. Qxc4 Rxc4 41. Rf7 Nxb4 42. Rxh7 a5 43. Kg2 a4 44. Ra1 b5 45. Kh3 Nc2 46. Rb1 Kb6 47. g4 a3 48. g5 a2 49. Rc1 a1=Q 50. Rxa1 Nxa1 51. Rh6+ c6 52. g6 Rc1 53. Rh4 Rh1+ 54. Kg4 Rg1+ 55. Kh5 c5 56. Rg4 Rh1+ 57. Kg5 Rh8 58. Kf6 Rc8 59. g7 b4 60. g8=Q Rxg8 61. Rxg8 b3 62. Rb8+ Kc7 63. Rb5 Kc6 64. Rb8 c4 65. Ke5 c3 66. Rc8+ Kb7 67. Rxc3 b2 0-1


[Site "https://www.chess.com"]

[Event "Titled Tuesday Blitz April 11 Early 2023"]
[White "Pniaczek, Marek"]
[Black "Kucuksari, Kaan"]
[WhiteFideId "21800421"]
[BlackFideId "6380166"]
[WhiteElo "2138"]
[BlackElo "2364"]
[Result "0-1"]
[Round "05"]
[TimeControl "180+2"]
[Date "2023.04.11"]
[WhiteClock "0:01:03"]
[BlackClock "0:01:29"]

1. e4 e5 2. Nf3 Nc6 3. Bc4 Bc5 4. c3 Nf6 5. d3 O-O 6. O-O d6 7. h3 a6 8. a4 h6 9. Re1 Ba7 10. Nbd2 Ne7 11. Nf1 Ng6 12. Ng3 c6 13. Bb3 Re8 14. Nh2 d5 15. Qf3 Be6 16. Bc2 Qd7 17. Bxh6 Nh4 18. Qe3 Bxe3 0-1


[Site "https://www.chess.com"]

[Event "Titled Tuesday Blitz April 11 Early 2023"]
[White "Jain Kashish Manoj"]
[Black "Baches Garcia, Guillermo"]
[WhiteFideId "35081098"]
[BlackFideId "2209764"]
[WhiteElo "2191"]
[BlackElo "2457"]
[Result "1-0"]
[Round "05"]
[TimeControl "180+2"]
[Date "2023.04.11"]
[WhiteClock "0:00:06"]
[BlackClock "0:00:13"]

1. Nf3 d5 2. g3 g6 3. Bg2 Bg7 4. O-O e5 5. d3 Ne7 6. e4 Nbc6 7. Nbd2 O-O 8. a4 a5 9. c3 h6 10. Re1 Be6 11. Qe2 g5 12. Nf1 f5 13. exf5 Bxf5 14. h4 g4 15. N3h2 h5 16. Bg5 Qd7 17. f3 gxf3 18. Bxf3 Bh3 19. Bxh5 e4 20. dxe4 d4 21. Rad1 Rad8 22. Bg4 Bxg4 23. Qxg4 Qxg4 24. Nxg4 dxc3 25. bxc3 Bxc3 26. Rxd8 Rxd8 27. Rc1 Bd4+ 28. Kg2 Rf8 29. Nfe3 Ng6 30. Nf5 Bh8 31. Rf1 Re8 32. Nfh6+ Kh7 33. Rf7+ Bg7 34. Nf6+ Kh8 35. Nxe8 1-0


[Site "https://www.chess.com"]

[Event "Titled Tuesday Blitz April 11 Early 2023"]
[White "Gold_Ocean"]
[Black "Leyva Rivera, Yunier"]
[BlackFideId "3505065"]
[WhiteElo "2594"]
[BlackElo "2430"]
[Result "0-1"]
[Round "05"]
[TimeControl "180+2"]
[Date "2023.04.11"]
[WhiteClock "0:00:11"]
[BlackClock "0:00:10"]

1. Nf3 c5 2. g3 g6 3. Bg2 Bg7 4. O-O Nc6 5. d3 Nf6 6. e4 d6 7. Nbd2 O-O 8. Re1 Bg4 9. c3 Rb8 10. h3 Bxf3 11. Nxf3 b5 12. Be3 b4 13. Qd2 bxc3 14. bxc3 Qa5 15. Rad1 Rb6 16. Rc1 Rfb8 17. Rc2 Nd7 18. Rec1 Rb1 19. Kh2 Rxc1 20. Qxc1 Nde5 21. Nxe5 Nxe5 22. Qd1 c4 23. d4 Nd3 24. Bf1 Qa6 25. Rd2 Qb7 26. f3 d5 27. e5 Nb2 28. Qc2 e6 29. f4 Qb5 30. Re2 Nd3 31. Rd2 Nb2 32. g4 Bh6 33. Kg3 Qa4 34. Be2 a5 35. Qxa4 Nxa4 36. Rc2 Rb1 37. Bc1 Kf8 38. h4 Ke8 39. Kf2 Kd7 40. Ke3 Kc6 41. g5 Bf8 42. Bd1 Kb5 43. Kd2 Be7 44. Ke3 Bd8 45. Bf3 Be7 46. Be2 Bf8 47. h5 Be7 48. hxg6 hxg6 49. Bd1 Bf8 50. Bg4 Be7 51. Bh3 Bf8 52. Bf1 Be7 53. Kd2 Nb6 54. Be2 Na4 55. Bd1 Bf8 56. Ke3 Be7 57. Ke2 Bf8 58. Bd2 Ba3 59. Be3 Rb2 60. Kd2 Rxc2+ 61. Kxc2 Bb2 62. Bd2 Ba3 63. Kb1 Be7 64. Kc2 Bf8 65. Bf3 Be7 66. Bc1 Nb6 67. Bd1 Nd7 68. Kb2 Nb8 69. Bf3 a4 70. Kc2 Nc6 71. Kd2 Bf8 72. Ke2 Be7 73. Kf2 Bf8 74. Kg3 Be7 75. Bd1 Bf8 76. Kf3 Be7 77. Ke2 Bf8 78. Kf3 Nb8 79. f5 exf5 80. Kf4 Be7 81. Bf3 Kc6 82. Ke3 Nd7 83. Kf4 Nf8 84. Kg3 Ne6 85. Kh4 Bd8 86. Kg3 Ba5 87. Bd2 Nxd4 88. cxd4 Bxd2 89. Kh4 Be3 90. Bd1 Bxd4 91. Bxa4+ Kc7 92. Be8 c3 93. Ba4 Bxe5 94. Bc2 Kd6 95. Kh3 Bf4 96. Kg2 Bxg5 97. Kf3 Ke5 98. Ke2 Bf4 99. Kd3 g5 100. a4 g4 101. a5 Bh2 102. Ke2 Bg1 103. Kf1 Ba7 104. Bd3 f4 105. Kg2 f5 106. Bc2 f3+ 107. Kf1 g3 108. a6 g2+ 109. Ke1 g1=Q# 0-1


[Site "https://www.chess.com"]

[Event "Titled Tuesday Blitz April 11 Early 2023"]
[White "Hua, Lefong"]
[Black "Zeman, Matyas"]
[WhiteFideId "2602253"]
[BlackFideId "364398"]
[WhiteElo "2594"]
[BlackElo "2254"]
[Result "1-0"]
[Round "05"]
[TimeControl "180+2"]
[Date "2023.04.11"]
[WhiteClock "0:01:40"]
[BlackClock "0:00:01"]

1. d4 Nf6 2. c4 g6 3. Nc3 Bg7 4. e4 d6 5. f4 O-O 6. Nf3 c5 7. d5 e6 8. Be2 Re8 9. Nd2 exd5 10. cxd5 a6 11. a4 h5 12. h3 Nbd7 13. O-O Qc7 14. Kh1 Rb8 15. e5 dxe5 16. Nc4 e4 17. f5 b5 18. axb5 axb5 19. Bf4 Qb7 20. Nd6 Qb6 21. Nxe8 Nxe8 22. Bxb8 Qxb8 23. fxg6 fxg6 24. Bxb5 Nd6 25. Bxd7 Bxd7 26. Qe2 Bf5 27. g4 hxg4 28. hxg4 Bd7 29. Nxe4 Nxe4 30. Qxe4 Qg3 31. Ra8+ Kh7 32. Qf3 Qh4+ 33. Kg2 Bxg4 34. Qg3 Qh5 35. Rh1 1-0


[Site "https://www.chess.com"]

[Event "Titled Tuesday Blitz April 11 Early 2023"]
[White "Gil Alba, Hector Luis"]
[Black "Petre, Nad-Titus"]
[WhiteFideId "3504670"]
[BlackFideId "1204165"]
[WhiteElo "2331"]
[BlackElo "2354"]
[Result "1-0"]
[Round "05"]
[TimeControl "180+2"]
[Date "2023.04.11"]
[WhiteClock "0:00:09"]
[BlackClock "0:00:11"]

1. e4 c5 2. Nf3 d6 3. Bb5+ Bd7 4. Bxd7+ Qxd7 5. O-O Nc6 6. c3 Nf6 7. d4 cxd4 8. cxd4 Nxe4 9. d5 Nd8 10. Re1 Nf6 11. Bg5 e5 12. dxe6 fxe6 13. Bxf6 gxf6 14. Nh4 Rg8 15. Nc3 Rc8 16. Nd5 Qf7 17. Qf3 Be7 18. Nf5 Bf8 19. Qh5 Rg6 20. Nf4 Rc5 21. Nxg6 hxg6 22. Nxd6+ Bxd6 23. Qh8+ Qf8 24. Qh3 f5 25. Rad1 Qe7 26. Qh8+ Kd7 27. Qd4 b6 28. Qa4+ Nc6 29. b4 Rc4 30. Rc1 Bxb4 31. Rxc4 Bxe1 32. Qxc6+ Kd8 33. Qc8# 1-0


[Site "https://www.chess.com"]

[Event "Titled Tuesday Blitz April 11 Early 2023"]
[White "Gonzalez, Francisco Silva"]
[Black "Ibadov, Dashgyn"]
[WhiteFideId "1512285"]
[BlackFideId "24107514"]
[WhiteElo "2074"]
[BlackElo "2208"]
[Result "0-1"]
[Round "05"]
[TimeControl "180+2"]
[Date "2023.04.11"]
[WhiteClock "0:01:46"]
[BlackClock "0:00:50"]

1. d4 d5 2. c4 e6 3. Nc3 c6 4. e3 Nf6 5. Nf3 Nbd7 6. Bd3 Bd6 7. O-O dxc4 8. Bxc4 b5 9. Bb3 O-O 10. e4 e5 11. Bg5 Qe7 12. Re1 Rd8 13. dxe5 Nxe5 14. Nxe5 Qxe5 15. f4 Bc5+ 16. Kh1 Rxd1 17. fxe5 Rxa1 18. Rxa1 Ng4 19. h3 Nxe5 20. Rd1 Be6 21. Bf4 Bxb3 22. axb3 f6 23. Bxe5 fxe5 24. Rd7 Rf8 25. Rc7 Rf6 26. g3 Bb6 27. Re7 Rf1+ 28. Kg2 Rf2+ 29. Kh1 Rxb2 30. Rxe5 Rxb3 31. Ne2 a5 32. Re6 a4 33. Rxc6 a3 34. Rxb6 a2 35. Ra6 Rb1+ 36. Kg2 a1=Q 37. Rxa1 Rxa1 38. Kf2 Ra2 39. Ke3 Rxe2+ 40. Kxe2 Kf7 41. Kd3 Ke6 42. Kd4 b4 43. h4 h5 44. e5 b3 45. Kc3 Kxe5 46. Kxb3 Kf5 47. Kc4 Kg4 48. Kd4 Kxg3 49. Ke4 Kxh4 50. Kf5 Kg3 51. Kg5 h4 52. Kh5 h3 53. Kg6 h2 54. Kh7 g5 55. Kh6 g4 56. Kh5 h1=Q+ 57. Kg5 Qd5+ 58. Kf6 Kf4 0-1


[Site "https://www.chess.com"]

[Event "Titled Tuesday Blitz April 11 Early 2023"]
[White "Avazkhonov, Alikhon"]
[Black "TimGrutter03"]
[WhiteFideId "14208504"]
[WhiteElo "1739"]
[BlackElo "2586"]
[Result "0-1"]
[Round "05"]
[TimeControl "180+2"]
[Date "2023.04.11"]
[WhiteClock "0:00:04"]
[BlackClock "0:00:45"]

1. f4 g6 2. Nf3 Bg7 3. g3 d6 4. Bg2 Nc6 5. O-O e5 6. d3 Nge7 7. Nc3 O-O 8. e4 f5 9. Be3 h6 10. Qd2 Kh7 11. Nd5 Nxd5 12. exd5 Nd4 13. Nxd4 exd4 14. Bf2 a5 15. Rae1 Bd7 16. Re2 Qf6 17. Rfe1 b6 18. Re7 Rf7 19. Qe2 Raf8 20. Bf3 a4 21. Kg2 Kg8 22. h3 Rd8 23. Rxf7 Kxf7 24. Qe7+ Qxe7 25. Rxe7+ Kxe7 26. Kf1 Ra8 27. Ke2 Ra5 28. Kd2 Be8 29. c4 dxc3+ 30. bxc3 Bf7 31. c4 Kd7 32. Kc2 b5 33. Be1 Ra8 0-1


[Site "https://www.chess.com"]

[Event "Titled Tuesday Blitz April 11 Early 2023"]
[White "MKlose11"]
[Black "Ronka, Erik"]
[BlackFideId "505080"]
[WhiteElo "2578"]
[BlackElo "2264"]
[Result "1-0"]
[Round "05"]
[TimeControl "180+2"]
[Date "2023.04.11"]
[WhiteClock "0:02:44"]
[BlackClock "0:02:23"]

1. e4 c6 2. Nc3 d5 3. g3 dxe4 4. Nxe4 Nf6 5. Bg2 Nxe4 6. Bxe4 g6 7. Ne2 Bg7 8. O-O O-O 9. d4 Bh3 10. Re1 Bg4 11. Bg2 Nd7 12. c3 e5 13. d5 cxd5 14. Qxd5 Rb8 15. Be3 Qa5 16. Qxa5 1-0


[Site "https://www.chess.com"]

[Event "Titled Tuesday Blitz April 11 Early 2023"]
[White "Filgueira, Hernan"]
[Black "Tarasova, Viktoriya"]
[WhiteFideId "101770"]
[BlackFideId "4175840"]
[WhiteElo "2363"]
[BlackElo "2182"]
[Result "1-0"]
[Round "05"]
[TimeControl "180+2"]
[Date "2023.04.11"]
[WhiteClock "0:01:31"]
[BlackClock "0:00:08"]

1. c4 Nf6 2. Nc3 e5 3. Nf3 Nc6 4. a3 d5 5. cxd5 Nxd5 6. Qc2 Nxc3 7. bxc3 Bd6 8. g3 O-O 9. Bg2 Be6 10. d3 h6 11. O-O Re8 12. Rb1 Rb8 13. e4 Qe7 14. a4 Red8 15. Nh4 Bc5 16. Qe2 Qd7 17. Rd1 Bg4 18. Bf3 Bxf3 19. Qxf3 Qe6 20. Nf5 Ne7 21. Rb5 b6 22. d4 Bd6 23. d5 Qg6 24. Nh4 Qh7 25. Be3 g5 26. Nf5 Nxf5 27. exf5 f6 28. c4 h5 29. h3 Kh8 30. a5 Rg8 31. axb6 g4 32. hxg4 hxg4 33. Qe4 axb6 34. Kf1 Ra8 35. Rb2 Kg7 36. Ke2 Rh8 37. Qxg4+ Kf7 38. Qe4 Rag8 39. g4 Qh4 40. Rg1 Qh2 41. Rbb1 Qh3 42. Rh1 1-0


[Site "https://www.chess.com"]

[Event "Titled Tuesday Blitz April 11 Early 2023"]
[White "Kim, Sergey"]
[Black "Vivas Zamora, Fabian Ernesto"]
[WhiteFideId "13700570"]
[BlackFideId "3902480"]
[WhiteElo "2576"]
[BlackElo "2262"]
[Result "1-0"]
[Round "05"]
[TimeControl "180+2"]
[Date "2023.04.11"]
[WhiteClock "0:01:13"]
[BlackClock "0:00:01"]

1. d4 Nf6 2. c4 g6 3. Nc3 d5 4. cxd5 Nxd5 5. e4 Nxc3 6. bxc3 Bg7 7. Bc4 c5 8. Ne2 Nc6 9. Be3 O-O 10. O-O b6 11. Qd2 Bb7 12. Rad1 cxd4 13. cxd4 Na5 14. Bd3 Rc8 15. Bh6 Nc4 16. Bxc4 Rxc4 17. Bxg7 Kxg7 18. Ng3 e6 19. Qf4 Qf6 20. Qe3 Rd8 21. e5 Qe7 22. Qf4 Qd7 23. Qg4 Rxd4 24. Rxd4 Qxd4 25. Qg5 h6 26. Qf6+ Kg8 27. h4 Rd5 28. Re1 1-0


[Site "https://www.chess.com"]

[Event "Titled Tuesday Blitz April 11 Early 2023"]
[White "Liew, Chee-Meng Jimmy"]
[Black "Melian, Juan Sebastian"]
[WhiteFideId "5700019"]
[BlackFideId "3706575"]
[WhiteElo "2245"]
[BlackElo "2035"]
[Result "1-0"]
[Round "05"]
[TimeControl "180+2"]
[Date "2023.04.11"]
[WhiteClock "0:01:03"]
[BlackClock "0:00:01"]

1. d4 Nf6 2. Nc3 d5 3. Bg5 e6 4. e4 dxe4 5. Nxe4 Be7 6. Bxf6 Bxf6 7. Nf3 Bd7 8. Bd3 Bc6 9. c3 O-O 10. Qe2 Nd7 11. O-O-O Bxe4 12. Qxe4 g6 13. h4 Bg7 14. Qxb7 Rb8 15. Qe4 Nf6 16. Qe2 Qd5 17. Kb1 Qa5 18. Ka1 c5 19. h5 cxd4 20. Nxd4 Nd5 21. hxg6 Nxc3 22. gxf7+ Rxf7 23. Bxh7+ Kf8 24. Qxe6 Qc5 25. Qe3 Bxd4 26. Qxd4 Qxd4 27. Rxd4 Ne2 28. Rg4 Rbb7 29. Rg8+ Ke7 30. Be4 Rb4 31. f3 Kf6 32. a3 Rc4 33. Bd5 Rfc7 34. Bxc4 Rxc4 35. Re1 Rc2 36. Rf8+ Ke7 37. Ra8 Kf6 38. Rxa7 Nd4 39. Rd7 Ne2 40. Rxe2 Rxe2 41. g4 1-0


[Site "https://www.chess.com"]

[Event "Titled Tuesday Blitz April 11 Early 2023"]
[White "Pham, Le Thao Nguyen"]
[Black "Mayaud, Raphael"]
[WhiteFideId "12401226"]
[BlackFideId "627151"]
[WhiteElo "2286"]
[BlackElo "2191"]
[Result "1-0"]
[Round "05"]
[TimeControl "180+2"]
[Date "2023.04.11"]
[WhiteClock "0:00:02"]
[BlackClock "0:00:03"]

1. d4 Nf6 2. Nf3 d5 3. c4 c6 4. cxd5 cxd5 5. Nc3 Nc6 6. Bf4 a6 7. e3 Bf5 8. Rc1 e6 9. Qb3 Bb4 10. Ne5 O-O 11. Nxc6 Bxc3+ 12. bxc3 bxc6 13. Be2 c5 14. dxc5 Ne4 15. c6 Qa5 16. f3 Nf6 17. O-O Rfc8 18. Qb7 Qxa2 19. Rf2 Qa3 20. Rff1 Qc5 21. c7 Nh5 22. Kh1 Nxf4 23. exf4 Qxc7 24. Bxa6 Qc5 25. Qb5 Qxb5 26. Bxb5 Rc5 27. Be2 Rac8 28. g4 Bg6 29. Rfd1 Rxc3 30. Rxc3 Rxc3 31. f5 exf5 32. Rxd5 h6 33. gxf5 Bh5 34. Kg2 Rc2 35. Kf2 f6 36. Ke3 Bf7 37. Rd8+ Kh7 38. Rd7 Bc4 39. Bxc4 Rxc4 40. Rd2 Rh4 41. Rg2 Rb4 42. Rg4 Rb2 43. h4 Rb1 44. Rd4 Re1+ 45. Kf4 Rh1 46. Kg3 Rg1+ 47. Kf2 Rh1 48. Kg3 Rc1 49. Kg4 Rc5 50. Kf4 Re5 51. Kg4 Re1 52. Kf4 Rg1 53. Re4 h5 54. Ke3 Rg3 55. Kf2 Rh3 56. Kg2 1-0


[Site "https://www.chess.com"]

[Event "Titled Tuesday Blitz April 11 Early 2023"]
[White "Eynullayev, Atilla"]
[Black "Van Foreest, Machteld"]
[WhiteFideId "13413570"]
[BlackFideId "1051563"]
[WhiteElo "2181"]
[BlackElo "2018"]
[Result "0-1"]
[Round "05"]
[TimeControl "180+2"]
[Date "2023.04.11"]
[WhiteClock "0:00:02"]
[BlackClock "0:00:10"]

1. d4 d5 2. c4 e6 3. Nc3 Bb4 4. Qa4+ Nc6 5. Bd2 Bd7 6. cxd5 Nxd4 7. Qd1 exd5 8. Nxd5 Bxd2+ 9. Qxd2 Be6 10. Qxd4 Qxd5 11. Qxg7 O-O-O 12. Nf3 f6 13. Rc1 Qa5+ 14. Rc3 Bb3 15. Nd2 Bxa2 16. e3 Be6 17. Be2 c6 18. O-O Nh6 19. Qxh6 Rxd2 20. Qxf6 Re8 21. Bc4 Bxc4 22. Rxc4 Rxb2 23. h4 Qb5 24. Qf7 Rd8 25. Re4 Rb1 26. Rxb1 Qxb1+ 27. Kh2 Qxe4 28. f3 Qxh4+ 29. Kg1 Rd1# 0-1


[Site "https://www.chess.com"]

[Event "Titled Tuesday Blitz April 11 Early 2023"]
[White "Ruiz Aguilar, Pablo Alexander"]
[Black "Gontcharov, Vladislav"]
[WhiteFideId "4401352"]
[BlackFideId "4123492"]
[WhiteElo "2138"]
[BlackElo "2420"]
[Result "1/2-1/2"]
[Round "05"]
[TimeControl "180+2"]
[Date "2023.04.11"]
[WhiteClock "0:00:08"]
[BlackClock "0:00:20"]

1. e4 e6 2. d4 d5 3. Nd2 Be7 4. Ngf3 Nf6 5. e5 Nfd7 6. Bd3 c5 7. c3 Nc6 8. Bc2 Qb6 9. Nb3 cxd4 10. cxd4 Nb4 11. Bb1 f6 12. exf6 Nxf6 13. O-O O-O 14. Ne5 Nc6 15. Be3 Qc7 16. Qc2 Bd7 17. h3 Rac8 18. Nxc6 Qxc6 19. Qxc6 Bxc6 20. Na5 Bb5 21. Rd1 b6 22. Nb3 Ba4 23. Bd3 Kf7 24. Rdc1 Rxc1+ 25. Rxc1 Bd6 26. Nd2 Bd7 27. Nf3 Rc8 28. Ne5+ Ke7 29. Rxc8 Bxc8 30. Nc6+ Kf7 31. Nxa7 Bd7 32. f3 Nh5 33. Nb5 Bb8 34. Nc3 Nf4 35. Bf1 h6 36. a3 g5 37. b4 Ke7 38. Kf2 Bd6 39. g3 Nh5 40. g4 Nf4 41. Bxf4 Bxf4 42. Ke2 Bc1 43. a4 Bb2 44. Kd3 Bxc3 45. Kxc3 Bxa4 46. Be2 b5 47. Kd2 Kd6 48. Ke3 e5 49. Kd3 Ke6 50. Ke3 Kd6 51. Kd3 Bb3 52. Ke3 Bc4 53. Bd1 Ke6 54. Bc2 Kd6 55. Bf5 Bb3 56. Bd3 Bc4 57. Bf5 Bb3 58. Bd3 Bc4 59. Bf5 1/2-1/2


[Site "https://www.chess.com"]

[Event "Titled Tuesday Blitz April 11 Early 2023"]
[White "Novikova, Galina"]
[Black "Royal, Shreyas"]
[WhiteFideId "4157095"]
[BlackFideId "448869"]
[WhiteElo "1953"]
[BlackElo "2331"]
[Result "0-1"]
[Round "05"]
[TimeControl "180+2"]
[Date "2023.04.11"]
[WhiteClock "0:00:04"]
[BlackClock "0:00:37"]

1. e4 c5 2. Nf3 d6 3. d4 cxd4 4. Nxd4 Nf6 5. Nc3 Nc6 6. h3 g6 7. g4 Bg7 8. Be3 O-O 9. Bg2 Bd7 10. O-O a6 11. Qd2 Na5 12. b3 b5 13. Nd5 Rc8 14. Rad1 Nc6 15. Kh1 h5 16. g5 Nxd5 17. exd5 Nxd4 18. Bxd4 Bxd4 19. Qxd4 Rxc2 20. Be4 Rc5 21. Qd3 Kg7 22. Qd4+ Kh7 23. h4 Qc8 24. Rfe1 Bg4 25. Rd3 Bf5 26. Rde3 Bxe4+ 27. Qxe4 Rc7 28. Rf3 Kg8 29. Qf4 Qb7 30. Rd3 Qb6 31. Kg1 Qc5 32. Qf3 Qb4 33. Re4 Qa3 34. Rde3 Re8 35. Qe2 Qc1+ 36. Kg2 Qc5 37. Qd3 Qc2 38. Qxc2 Rxc2 39. Rxe7 Rxe7 40. Rxe7 Rxa2 41. Rd7 a5 42. Rxd6 a4 43. bxa4 Rxa4 44. Rd8+ Kg7 45. d6 Rxh4 46. Rb8 Rd4 47. Rb6 b4 48. Kf3 h4 49. Ke3 Rd5 50. Rxb4 Rxd6 51. Rxh4 Re6+ 52. Kf3 Re5 53. Rg4 Kf8 54. Kg3 Ra5 55. f4 Ra3+ 56. Kg2 Ke7 57. Rh4 Ke6 58. Rh7 Ra7 59. Kg3 Kf5 60. Rg7 Rd7 61. Rh7 Ke4 62. Kg4 Kd5 63. Rh2 Ra7 64. Rd2+ Ke6 65. Re2+ Kd5 66. Rd2+ Ke4 67. Re2+ Kd3 68. Re8 Ra1 69. Rd8+ Ke2 70. Re8+ Kf2 71. Re7 Rg1+ 72. Kh3 Kf3 73. Kh2 Rg2+ 74. Kh1 Rc2 0-1


[Site "https://www.chess.com"]

[Event "Titled Tuesday Blitz April 11 Early 2023"]
[White "Ahn, Hongjin"]
[Black "Rose, Felix"]
[WhiteFideId "13201492"]
[BlackFideId "5105722"]
[WhiteElo "2182"]
[BlackElo "2039"]
[Result "0-1"]
[Round "05"]
[TimeControl "180+2"]
[Date "2023.04.11"]
[WhiteClock "0:00:03"]
[BlackClock "0:00:30"]

1. e4 e5 2. Nf3 Nc6 3. Bb5 a6 4. Ba4 Nf6 5. O-O Be7 6. Bxc6 dxc6 7. Re1 Bd6 8. d4 Nd7 9. dxe5 Nxe5 10. Nxe5 Bxe5 11. Qxd8+ Kxd8 12. f4 Bd4+ 13. Kf1 Ke8 14. c3 Bc5 15. Be3 Be7 16. Nd2 f6 17. h3 Be6 18. b3 Rd8 19. Rad1 Rd3 20. Nb1 Rxd1 21. Rxd1 Kf7 22. Ke2 Rd8 23. f5 Bc8 24. Rxd8 Bxd8 25. Bf4 g6 26. g4 h5 27. Nd2 hxg4 28. hxg4 gxf5 29. gxf5 Ke7 30. Kf3 Bd7 31. e5 Bxf5 32. exf6+ Kxf6 33. Ke3 Ke6 34. Nf3 c5 35. Nd2 c6 36. Ne4 Be7 37. Bg3 Kd7 38. Nd2 Bg5+ 39. Bf4 Bf6 40. Ne4 Bxe4 41. Kxe4 Bxc3 42. Be3 b6 43. Kd3 Be5 44. Kc4 Kd6 45. a4 b5+ 46. Kd3 Kd5 47. Kc2 c4 48. Bd2 Bd4 49. Be1 Kc5 50. b4+ Kd5 51. axb5 axb5 52. Bd2 c5 53. bxc5 Kxc5 54. Bg5 Be5 55. Be3+ Bd4 56. Bd2 b4 57. Bg5 b3+ 58. Kb1 Kb4 59. Bd2+ c3 60. Be1 Kc4 61. Bxc3 Kxc3 62. Kc1 Kb4 63. Kb1 Ka3 64. Kc1 Ka2 65. Kd2 0-1


[Site "https://www.chess.com"]

[Event "Titled Tuesday Blitz April 11 Early 2023"]
[White "Biriukov, Ilja"]
[Black "Kozin, Yuri"]
[WhiteFideId "4113373"]
[BlackFideId "4129920"]
[WhiteElo "2426"]
[BlackElo "2554"]
[Result "0-1"]
[Round "05"]
[TimeControl "180+2"]
[Date "2023.04.11"]
[WhiteClock "0:01:05"]
[BlackClock "0:00:47"]

1. e4 c5 2. b4 b6 3. f4 e6 4. Nf3 Nf6 5. e5 Nd5 6. d4 Nxb4 7. c3 N4a6 8. Bd3 Bb7 9. O-O g6 10. Qe2 Be7 11. Na3 Nc7 12. Nc4 Nc6 13. Nd6+ Bxd6 14. exd6 Nd5 15. Ne5 cxd4 16. cxd4 Nxd4 17. Qg4 Nf5 18. Qf3 Qc8 19. g4 Qc5+ 20. Kh1 Nh4 21. Qe4 f5 22. gxf5 gxf5 0-1


[Site "https://www.chess.com"]

[Event "Titled Tuesday Blitz April 11 Early 2023"]
[White "Odegov, Artem"]
[Black "Qashashvili, Alexandre"]
[WhiteFideId "34183644"]
[BlackFideId "13600842"]
[WhiteElo "2300"]
[BlackElo "2405"]
[Result "1-0"]
[Round "05"]
[TimeControl "180+2"]
[Date "2023.04.11"]
[WhiteClock "0:00:38"]
[BlackClock "0:00:03"]

1. d4 c6 2. c4 d5 3. Nc3 Nf6 4. Nf3 Bf5 5. Qb3 Qb6 6. c5 Qxb3 7. axb3 Na6 8. e4 Nb4 9. Ra4 Nc2+ 10. Kd1 Nxe4 11. Nxe4 Bxe4 12. Ne5 f6 13. Nd3 Nxd4 14. Rxd4 e5 15. Ra4 Bxd3 16. Bxd3 Bxc5 17. Rf1 e4 18. Bc2 O-O-O 19. Bf4 a6 20. f3 f5 21. fxe4 dxe4+ 22. Ke2 g6 23. Raa1 Bd6 24. Bg5 Rd7 25. Rad1 Bxh2 26. Rxd7 Kxd7 27. g4 Rf8 28. gxf5 Rxf5 29. Bc1 Rxf1 30. Kxf1 Ke6 31. Bxe4 Be5 32. Ke2 Kf6 33. Kf3 h5 34. Bd3 g5 35. Be2 g4+ 36. Ke4 Ke6 37. b4 Kf6 38. b3 Ke6 39. Bd2 1-0


[Site "https://www.chess.com"]

[Event "Titled Tuesday Blitz April 11 Early 2023"]
[White "Bilan, Danila"]
[Black "MunichMouse"]
[WhiteFideId "24161918"]
[WhiteElo "2182"]
[BlackElo "2312"]
[Result "1-0"]
[Round "05"]
[TimeControl "180+2"]
[Date "2023.04.11"]
[WhiteClock "0:00:04"]
[BlackClock "0:00:03"]

1. d4 Nf6 2. Nf3 g6 3. Bg5 Bg7 4. c3 d5 5. Nbd2 O-O 6. e3 Nbd7 7. Bd3 h6 8. Bh4 Qe8 9. Bg3 Nh5 10. Bxc7 e5 11. dxe5 Nxe5 12. Be2 Nc6 13. Bd6 Ne7 14. Nd4 Nf6 15. Bb5 Qd8 16. Ba3 a6 17. Be2 b5 18. O-O Re8 19. Bf3 Bb7 20. N2b3 Rc8 21. Nc5 Qb6 22. Nxb7 Qxb7 23. Bxe7 Rxe7 24. Qb3 Ne4 25. Bxe4 dxe4 26. Rfd1 Rc4 27. a3 Rd7 28. Nc2 Rd3 29. Nb4 Rxd1+ 30. Rxd1 Kh7 31. Nc2 f5 32. g3 Qc6 33. Nb4 Qe6 34. Qc2 a5 35. Nd5 Rc8 36. Nf4 Qc6 37. Qd2 g5 38. Nh5 Be5 39. Qd7+ Qxd7 40. Rxd7+ Kg6 41. g4 fxg4 42. Ng3 b4 43. axb4 axb4 44. Nxe4 bxc3 45. bxc3 Bxc3 46. Rd6+ Kf5 47. Ng3+ Ke5 48. Rxh6 Be1 49. Kf1 Rc1 50. Ne2 Ra1 51. Ng3 1-0


[Site "https://www.chess.com"]

[Event "Titled Tuesday Blitz April 11 Early 2023"]
[White "Sharapov, Evgeny"]
[Black "Coelho, Ramyres Santana"]
[WhiteFideId "14103133"]
[BlackFideId "2120690"]
[WhiteElo "2367"]
[BlackElo "1888"]
[Result "1-0"]
[Round "05"]
[TimeControl "180+2"]
[Date "2023.04.11"]
[WhiteClock "0:00:15"]
[BlackClock "0:00:04"]

1. e4 c5 2. Nf3 d6 3. d4 cxd4 4. Nxd4 Nf6 5. Nc3 a6 6. g3 e6 7. Bg2 Be7 8. a4 O-O 9. O-O Qc7 10. a5 Nc6 11. Nb3 b5 12. axb6 Qxb6 13. Kh1 Bb7 14. f4 Rfd8 15. Qe2 Rdc8 16. Be3 Qc7 17. g4 Nd7 18. g5 Nb4 19. Ra4 d5 20. e5 Qc4 21. Qf2 Qc7 22. Bd4 g6 23. Rfa1 Bc6 24. Ra5 Rcb8 25. h4 Qb7 26. Nc1 Nf8 27. h5 Be8 28. h6 Nc6 29. R5a2 Nxd4 30. Qxd4 Rc8 31. Nb3 Rc4 32. Qf2 Qb4 33. Rf1 a5 34. Nc1 Bc5 35. Qd2 Bc6 36. Nd3 Qb6 37. Nxc5 Qxc5 38. Ne2 Rxc2 39. Rc1 Rxc1+ 40. Qxc1 Qxc1+ 41. Nxc1 Nd7 42. Nb3 a4 43. Nd4 Bb7 44. Ra1 Nb6 45. Rc1 Nc4 46. Bf1 Rc8 47. b3 axb3 48. Nxb3 d4+ 49. Kg1 Ne3 50. Rxc8+ Bxc8 51. Nxd4 Nxf1 52. Kxf1 Kf8 53. Ke2 Bb7 54. Kd2 Bd5 55. Kc3 Ke7 56. Kb4 Be4 57. Kc5 Bb1 58. Kc6 Be4+ 59. Kc7 Bb1 60. Nc6+ Kf8 61. Kd8 Be4 62. Nb8 Bb7 63. Nd7+ Kg8 64. Nf6+ Kf8 65. Nxh7+ Kg8 66. Nf6+ Kh8 67. Ke7 Be4 68. Kxf7 Bf5 69. Ke7 Bg4 70. Ne8 Bf5 71. Nc7 Bg4 72. Nxe6 Bf5 73. Nc7 Bc8 74. Kf7 Kh7 75. e6 Bb7 76. e7 Bc6 77. e8=Q Bd5+ 78. Kf8 Bg8 79. Qe7+ Kh8 80. Qg7# 1-0


[Site "https://www.chess.com"]